 Dungeon Sprint DCSS version 0.27-a0-1319-geec4fb4e21 (webtiles) character file.

Game seed: 15358083170258246658

1060 mhtbhm the Thaumaturge (level 8, -6/37 HPs)
             Began as a Spriggan Earth Elementalist on June 21, 2021.
             Was a Believer of Vehumet.
             Shot with an arrow by a centaur warrior (20 damage)
             ... in the Dungeon (Sprint IX: "|||||||||||||||||||||||||||||").
             The game lasted 00:02:16 (765 turns).

mhtbhm the Thaumaturge (Spriggan Earth Elementalist) Turns: 765, Time: 00:02:17

Health: -6/37      AC:  0    Str:  4    XL:     8   Next: 6%
Magic:  12/25      EV: 21    Int: 19    God:    Vehumet [**....]
Gold:   0          SH:  0    Dex: 18    Spells: 17/32 levels left

rFire    . . .     SeeInvis +   n - +2 scimitar (protect)
rCold    . . .     Faith    .   (shield restricted)
rNeg     . . .     Spirit   .   b - +0 robe
rPois    .         Reflect  .   (helmet restricted)
rElec    .         Harm     .   (no cloak)
rCorr    .         Rampage  .   (gloves unavailable)
Will     +....     NoTele   +   (boots unavailable)
Stlth    +++.......             (no amulet)
HPRegen  0.12/turn              l - +2 ring of protection
MPRegen  0.19/turn              m - +3 ring of dexterity

@: corroded, very quick
A: very small, no large weapons, unfitting armour, see invisible, speed 3
a: Renounce Religion


You were in the Dungeon.
You worshipped Vehumet.
Vehumet was pleased with you.
You visited 1 branch

Inventory:

Hand Weapons
 n - a +2 scimitar of protection (weapon)
Missiles
 i - 6 stones
Armour
 b - a +0 robe (worn)
Jewellery
 l - a +2 ring of protection (left hand)
 m - a +3 ring of dexterity (right hand)
Wands
 k - a wand of iceblast (5)
Scrolls
 h - 2 scrolls of blinking
 j - 2 scrolls of amnesia
Potions
 a - 2 potions of magic
 c - 5 potions of curing
 d - 3 potions of heal wounds
 e - a potion of haste
 f - a potion of invisibility
 g - a potion of berserk rage


   Skills:
 + Level 1.1 Fighting
 + Level 6.6 Dodging
 + Level 5.6 Stealth
 + Level 12.8 Spellcasting
 + Level 1.0 Conjurations
 + Level 2.2 Transmutations
 + Level 11.4 Earth Magic
 + Level 3.3 Evocations


You had 17 spell levels left.
You knew the following spells:

 Your Spells              Type           Power      Damage    Failure   Level
a - Sandblast             Erth           100%       2d20      1%          1
b - Passwall              Tmut/Erth      31%        N/A       1%          2
c - Stone Arrow           Conj/Erth      70%        3d11      1%          3
d - Petrify               Tmut/Erth      38%        N/A       3%          4
e - Lee's Rapid Deconstr  Erth           26%        3d15*     1%          5

Your spell library contained the following spells:

 Spells                   Type           Power      Damage    Failure   Level
 Poisonous Vapours        Pois/Air       24%        N/A       9%          2


Dungeon Overview and Level Annotations

Branches:
Dungeon (1/1)

Altars:
Cheibriados
Dithmenos
Elyvilon
Fedhas
Gozag
Hepliaklqana
Kikubaaqudgha
Makhleb
Nemelex Xobeh
Okawaru
Qazlal
Ru
Sif Muna
Trog
Uskayaw
Vehumet
Wu Jian
Xom
Yredelemnul
Zin
The Shining One
Beogh
Jiyva
Lugonu


Innate Abilities, Weirdness & Mutations

You are very small and have problems with some larger weapons.
You are too small for most types of armour.
You have supernaturally acute eyesight. (SInv)
You cover ground extremely quickly. (Speed+++)


Message History

An acid dragon, 2 centaur warriors, a troll, a wraith and a tengu warrior come into view.
The centaur warrior shouts!
The troll shouts!
Unknown command.
Casting: Lee's Rapid Deconstruction (dangerous; 1% risk of failure)
Confirm with . or Enter, or press ? or * to list all spells.
Aiming: Petrify (dangerous; 3% risk of failure)
Press: ? - help, Shift-Dir - straight line, f - acid dragon
Aim: an acid dragon (wandering, hasn't noticed you, chance to affect: 66%)
The acid dragon roars!
The acid dragon is moving more slowly.
The centaur warrior shouts!
Unknown command.
The acid dragon spits acid at you. The splash of acid hits you!
The acid corrodes you!
You are splashed with acid!
Casting: Petrify (dangerous; 3% risk of failure)
Confirm with . or Enter, or press ? or * to list all spells.
Aiming: Lee's Rapid Deconstruction (dangerous; 1% risk of failure)
Press: ? - help, Dir - move target, f/p - acid dragon Fragment what (e.g. wall or brittle monster)?: an acid dragon (petrifying slowly, catching its breath)
The acid dragon shatters!!
The acid dragon is almost dead.
The blast of petrified fragments hits the centaur warrior!
The centaur warrior is moderately wounded.
Unknown command.
Casting: Lee's Rapid Deconstruction (dangerous; 1% risk of failure)
Confirm with . or Enter, or press ? or * to list all spells.
Aiming: Lee's Rapid Deconstruction (dangerous; 1% risk of failure)
Press: ? - help, Dir - move target, f/p - acid dragon Fragment what (e.g. wall or brittle monster)?: an acid dragon (almost dead, petrifying slowly)
The acid dragon shatters!!!
You blow up the acid dragon!
Vehumet accepts your kill.
Vehumet offers you knowledge of Poisonous Vapours.
The acid dragon scales are intact enough to wear.
The blast of petrified fragments hits the centaur warrior!!
The centaur warrior is severely wounded.
The centaur warrior wields a +0 shortbow.
The centaur warrior shoots an arrow.
The arrow hits you!!
Ouch! That really hurt!
You die... ▓▓▓▓▓▓▓▓▓▓▓▓▓▓▓▓▓▓▓▓▓▓▓▓▓▓▓▓ c.T.WQc[...@.)..[[[.)..'____ ▓▓▓▓▓▓▓▓▓▓▓▓▓▓▓▓▓▓▓▓▓▓▓▓▓▓▓▓

You could see a tengu warrior, a centaur warrior and a wraith.

Vanquished Creatures
  A two-headed ogre (D)
  An acid dragon (D)
  An orc warrior (D)
  A necrophage (D)
  A phantom (D)
  A gnoll sergeant (D)
  A gnoll shaman (D)
  2 iguanas (D)
  An orc wizard (D)
  A shadow imp (D)
  2 ball pythons (D)
  An endoplasm (D)
  A hobgoblin (D)
  A kobold (D)
  A giant cockroach zombie (D)
17 creatures vanquished.

Notes
Turn   | Place    | Note
-------+----------+-------------------------------------------
     0 | D        | mhtbhm the Spriggan Earth Elementalist began the quest for
                  | the Orb.
     0 | D        | Reached XP level 1. HP: 9/9 MP: 5/5
   190 | D        | Noticed an iguana
   190 | D        | Noticed a phantom
   190 | D        | Noticed a necrophage
   190 | D        | Noticed an iguana
   205 | D        | Killed an iguana
   206 | D        | Reached skill level 4 in Spellcasting
   206 | D        | Reached skill level 5 in Earth Magic
   206 | D        | Reached XP level 2. HP: 13/13 MP: 6/8
   206 | D        | Reached XP level 3. HP: 16/16 MP: 6/9
   212 | D        | Killed a necrophage
   213 | D        | Reached skill level 6 in Spellcasting
   213 | D        | Reached XP level 4. HP: 19/21 MP: 0/13
   215 | D        | Killed a phantom
   216 | D        | Reached skill level 5 in Dodging
   216 | D        | Reached skill level 8 in Spellcasting
   216 | D        | Reached XP level 5. HP: 14/24 MP: 12/16
   343 | D        | Learned a level 2 spell: Passwall
   347 | D        | Learned a level 3 spell: Stone Arrow
   352 | D        | Learned a level 4 spell: Petrify
   358 | D        | Learned a level 5 spell: Lee's Rapid Deconstruction
   368 | D        | Found a snail-covered altar of Cheibriados.
   368 | D        | Found a shadowy altar of Dithmenos.
   368 | D        | Found a white marble altar of Elyvilon.
   368 | D        | Found a blossoming altar of Fedhas.
   368 | D        | Found an opulent altar of Gozag.
   369 | D        | Found a hazy altar of Hepliaklqana.
   370 | D        | Found a viscous altar of Jiyva.
   371 | D        | Found an ancient bone altar of Kikubaaqudgha.
   372 | D        | Found a corrupted altar of Lugonu.
   373 | D        | Found a burning altar of Makhleb.
   374 | D        | Found a sparkling altar of Nemelex Xobeh.
   375 | D        | Found an iron altar of Okawaru.
   376 | D        | Found a stormy altar of Qazlal.
   377 | D        | Found a sacrificial altar of Ru.
   378 | D        | Found a shimmering blue altar of Sif Muna.
   379 | D        | Found a bloodstained altar of Trog.
   380 | D        | Found a hide-covered altar of Uskayaw.
   381 | D        | Found a radiant altar of Vehumet.
   382 | D        | Found an ornate altar of the Wu Jian Council.
   383 | D        | Found a shimmering altar of Xom.
   384 | D        | Found a basalt altar of Yredelemnul.
   385 | D        | Found a glowing silver altar of Zin.
   386 | D        | Found a glowing golden altar of the Shining One.
   389 | D        | Became a worshipper of Vehumet
   427 | D        | Noticed an orc warrior
   427 | D        | Noticed a two-headed ogre
   456 | D        | Reached skill level 5 in Stealth
   456 | D        | Reached skill level 9 in Spellcasting
   456 | D        | Reached XP level 6. HP: 26/28 MP: 3/19
   463 | D        | Killed a two-headed ogre
   463 | D        | Reached * piety under Vehumet
   463 | D        | Offered knowledge of Shock by Vehumet.
   464 | D        | Reached skill level 1 in Fighting
   464 | D        | Reached skill level 12 in Spellcasting
   464 | D        | Reached skill level 1 in Conjurations
   464 | D        | Reached XP level 7. HP: 15/33 MP: 4/23
   466 | D        | Reached XP level 8. HP: 17/37 MP: 0/25
   616 | D        | Reached ** piety under Vehumet
   758 | D        | Noticed a centaur warrior
   758 | D        | Noticed a troll
   758 | D        | Noticed a tengu warrior
   758 | D        | Noticed a centaur warrior
   765 | D        | Offered knowledge of Poisonous Vapours by Vehumet.
   765 | D        | Shot with an arrow by a centaur warrior

Illustrated notes

Levels and vault maps discovered:
D:        linesprint [early_d, line_temple, items_1, d_10, items_2, lair_1,
          lair_end, items_3, orc_1, orc_end, items_4, d_15, swamp_1, shoals_1,
          snake_1, spider_1, d_20, vaults_1, items_5, swamp_end, shoals_end,
          snake_end, spider_end, vaults_end, d_27, items_6, zot_1, zot_end,
          crypt_end, forest_end, elf_end, slime_end, tomb_end, abyss_end,
          pan_hell_end]

Skill      XL: |  1  2  3  4  5  6 |
---------------+-------------------+-----
Earth Magic    | 5 7 8 11 | 11.4
Dodging        | 3 4 5 6 |  6.6
Spellcasting   | 4 6 8 9 12 | 12.8
Stealth        | 4 5 |  5.6
Fighting       | 1 |  1.1
Conjurations   | 1 |  1.0
Transmutations | 2 |  2.2
Evocations     | 3 |  3.3

Action                   |  1- 3 |  4- 6 |  7- 9 || total
-------------------------+-------+-------+-------++-------
 Cast: Sandblast         |    19 |     4 |     1 ||    24
       Lee's Rapid Decon |       |     2 |     5 ||     7
       Stone Arrow       |       |     1 |     1 ||     2
       Petrify           |       |     1 |     2 ||     3
Evoke: Wand              |       |     5 |       ||     5
  Use: Potion            |     1 |     1 |       ||     2
Armor: Robe              |     1 |       |       ||     1
Dodge: Dodged            |     5 |     4 |       ||     9

Table legend: (Time is in decaauts)
 A = Elapsed time spent in this place.
 B = Non-inter-level travel time spent in this place.
 C = Inter-level travel time spent in this place.
 D = Time resting spent in this place.
 E = Time spent auto-exploring this place.
 F = Levels seen in this place.
 G = Mean time per level.
                   A        B        C        D        E       F      G
               +--------+--------+--------+--------+--------+-----+--------+
         Total |    693 |    693 |      0 |    433 |     91 |   1 |  693.0 |
       Dungeon |    693 |    693 |      0 |    433 |     91 |   1 |  693.0 |
               +--------+--------+--------+--------+--------+-----+--------+

Top non-repeatable levels by time:
       D: 693 daAuts
